 Dungeon Crawl Stone Soup version 0.31.0-7-gf635a9b802 (webtiles) character file.

Game seed: 16207688078856893799

90321 DemonSlayer the Thaumaturge (level 15, -19/103 HPs)
             Began as a Demonspawn Earth Elementalist on Jan 23, 2024.
             Was the Champion of Dithmenos.
             Demolished by a red ugly thing (23 damage)
             ... on level 15 of the Dungeon.
             The game lasted 01:17:22 (34571 turns).

DemonSlayer the Thaumaturge (DsEE)                 Turns: 34571, Time: 01:17:22

Health: -19/103    AC: 14    Str:  8    XL:     15   Next: 51%
Magic:  23/42      EV: 15    Int: 17    God:    Dithmenos [******]
Gold:   606        SH:  0    Dex: 20    Spells: 25/42 levels left

rFire   . . .        I - +9 short sword (spect)
rCold   . . .        a - orb {*channel}
rNeg    . . .        L - +2 troll leather armour
rPois   .            n - +0 helmet
rElec   .            i - scarf {+Inv}
rCorr   .            (gloves unavailable)
SInv    .            R - +0 pair of boots
Will    +....        g - amulet "Saanab" {Regen+ Slay+4}
Stlth   +++++        k - ring of magical power
HPRegen 1.97/turn    F - +4 ring of slaying
MPRegen 0.28/turn

%: channel magic (20%)
@: mighty, sanguine armoured, wreathed by umbra, studying Dodging
A: claws 3, demonic guardian 3, powered by pain 1, sanguine armour 1, bedeviling
a: Renounce Religion, Evoke Invisibility, Shadow Step, Shadow Form


You were on level 15 of the Dungeon.
You worshipped Dithmenos.
Dithmenos was exalted by your worship.
You visited 4 branches of the dungeon, and saw 22 of its levels.
You also visited: Sewer.

You collected 3590 gold pieces.
You spent 2984 gold pieces at shops.

Inventory:

Hand Weapons
 I - a +9 spectral short sword (weapon)
Missiles
 w - 2 curare-tipped darts
Armour
 a - an orb of energy (worn)
 i - a scarf of invisibility (worn)
 n - a +0 helmet (worn)
 L - a +2 troll leather armour (worn)
 R - a +0 pair of boots (worn)
Jewellery
 f - a ring of magical power
 g - the amulet "Saanab" (around neck) {Regen+ Slay+4}
   (You bought it in a shop on level 8 of the Dungeon)

   [amulet of regeneration]

   Slay+4:    It affects your accuracy & damage with ranged weapons and melee
   (+4).
   Regen+:    It increases your rate of health regeneration.
 k - a ring of magical power (left claw)
 y - a ring of resist corrosion
 F - a +4 ring of slaying (right claw)
 H - a ring of flight
 N - a ring of see invisible
Wands
 b - a wand of digging (14)
 h - a wand of polymorph (12)
 x - a wand of paralysis (10)
 K - a wand of flame (66)
 O - a wand of acid (4)
Scrolls
 j - 4 scrolls of immolation
 l - 2 scrolls of blinking
 m - 5 scrolls of fog
 p - 10 scrolls of teleportation
 r - 2 scrolls of vulnerability
 t - a scroll of butterflies
 u - 2 scrolls of fear
 v - a scroll of revelation
 M - a scroll of amnesia
 P - 2 scrolls of poison
 Q - a scroll of silence
 T - 2 scrolls of enchant weapon
Potions
 c - 2 potions of ambrosia
 d - 3 potions of curing
 e - 5 potions of resistance
 o - 2 potions of enlightenment
 s - 4 potions of attraction
 z - 2 potions of mutation
 A - a potion of invisibility
 B - 2 potions of lignification
 C - a potion of heal wounds
 E - a potion of brilliance {unknown}
 G - 3 potions of magic
 J - 3 potions of might
 S - a potion of cancellation


   Skills:
 + Level 5.3 Fighting
 + Level 3.4 Short Blades
 + Level 0.7 Throwing
 + Level 7.4 Armour
 + Level 6.3 Dodging
 + Level 5.2 Stealth
 + Level 1.0 Unarmed Combat
 + Level 14.4 Spellcasting
 + Level 13.8 Conjurations
 + Level 13.5 Earth Magic
 + Level 0.5 Alchemy
 + Level 1.6 Evocations


You had 25 spell levels left.
You knew the following spells:

 Your Spells              Type           Power      Damage    Failure   Level
a - Sandblast             Erth           100%       2d20      1%          1
b - Stone Arrow           Conj/Erth      100%       3d13      1%          3
c - Passwall              Erth           55%        N/A       1%          3
d - Blink                 Tloc           24%        N/A       26%         2
e - Brom's Barrelling Bo  Conj/Erth      56%        2d7       2%          4
f - Petrify               Alch/Erth      36%        N/A       13%         4

Your spell library contained the following spells:

 Spells                   Type           Power      Damage    Failure   Level
 Foxfire                  Conj/Fire      100%       2x1d9     3%          1
 Shock                    Conj/Air       100%       1d9       3%          1
 Momentum Strike          Conj/Tloc      70%        3d9       4%          2
 Static Discharge         Conj/Air       70%        3-6/arc   4%          2
 Iskenderun's Battlesphe  Conj           56%        2d11      4%          5
 Slow                     Hex            72%        N/A       21%         1
 Ensorcelled Hibernation  Hex/Ice        36%        N/A       26%         2
 Lesser Beckoning         Tloc           24%        N/A       26%         2
 Arcjolt                  Conj/Air       17%        1d27      28%         5
 Fireball                 Conj/Fire      17%        3d9       28%         5
 Confusing Touch          Hex            18%        N/A       43%         3
 Gell's Gravitas          Tloc           12%        N/A       43%         3
 Sigil of Binding         Hex            18%        N/A       43%         3
 Swiftness                Air            12%        N/A       43%         3
 Teleport Other           Tloc           12%        N/A       43%         3
 Vampiric Draining        Necr           12%        2d6       43%         3
 Orb of Destruction       Conj           28%        9d9       43%         7
 Sticky Flame             Fire/Alch      13%        2d5       75%         4
 Conjure Ball Lightning   Conj/Air       17%        3x3d6     75%         6
 Airstrike                Air            6%         2d(1-17)  78%         4
 Summon Lightning Spire   Summ/Air       12%        N/A       78%         4
 Dispersal                Tloc           6%         N/A       100%        6
 Chain Lightning          Conj/Air       17%        3d23      100%        9


Dungeon Overview and Level Annotations

Branches:
Dungeon (15/15)            Temple (1/1) D:4            Lair (5/5) D:10
  Swamp (0/4) Lair:3       Spider (0/4) Lair:2        Slime (0/5) Lair:5
    Orc (2/2) D:10            Elf (0/3) Orc:2        Vaults (0/5) D:13
 Depths (0/4) D:15          Sewer (visited)

Altars:
Ashenzari
Cheibriados
Dithmenos
Fedhas
Gozag
Hepliaklqana
Kikubaaqudgha
Makhleb
Nemelex Xobeh
Okawaru
Qazlal
Ru
Sif Muna
Trog
Uskayaw
Vehumet
Wu Jian
Xom
Yredelemnul

Shops:
D:2 ?   D:8 (:[=!   D:10 (   D:11 ?   Orc:1 :   Orc:2 ==?*

Portals:
Trove: D:15 (show abyssal rune of Zot)

Annotations:
D:10 3 runed translucent doors, Shen's ghost, journeyman OpDe
D:12 2 runed translucent doors, exclusion: orange crystal statue
D:13 Lodul
Lair:2 exclusion: oklob plant
Lair:5 3 runed translucent doors, SuperJoe's ghost, journeyman VSNe


Innate Abilities, Weirdness & Mutations

You have claws for hands.
A powerful demonic guardian rushes to your aid.
You sometimes gain a little power by taking damage.
When seriously injured, your blood forms armour. (AC +6)
Your hexes are more powerful.


Message History

The stone arrow hits the red ugly thing!!
The red ugly thing is severely wounded.
Your shadow mimics your spell!
The shadow shard hits the red ugly thing!
The red ugly thing claws you.
You are engulfed in flames!!
You emit a cloud of dark smoke.
Your blood congeals into armour.
You are too injured to fight recklessly!
You are too injured to fight recklessly!
You are too injured to fight recklessly!
You are too injured to fight recklessly!
You are too injured to fight recklessly!
Unknown command.
Casting: Stone Arrow (safe; 1% risk of failure)
Confirm with . or Enter, or press ? or * to list all spells.
Aiming: Stone Arrow (safe; 1% risk of failure)
Press: ? - help, Shift-Dir - straight line, f/p - red ugly thing
Aim: a red ugly thing (black smoke, almost dead, umbra, 78% to hit)
The stone arrow misses the red ugly thing.
The red ugly thing bites you!
You are engulfed in flames!
* * * LOW HITPOINT WARNING * * *
The red ugly thing barely misses you.
Unknown command.
The red ugly thing attacks as it pursues you!
The red ugly thing bites you.
* * * LOW HITPOINT WARNING * * *
You are engulfed in flames!
* * * LOW HITPOINT WARNING * * *
A demonic guardian appears!
The red ugly thing attacks as it pursues you!
The red ugly thing claws you but does no damage.
You feel much better. The red ugly thing bites you.
You are engulfed in flames!
* * * LOW HITPOINT WARNING * * *
You focus on the pain.
You feel very mighty all of a sudden.
Your sun demon hits the red ugly thing!!
The red ugly thing is engulfed in flames!
The red ugly thing resists.
The red ugly thing claws you!
* * * LOW HITPOINT WARNING * * *
You are engulfed in flames!!
You die...

## ####.# ## .....##
#. #....# ##. #(§§§##
###.. #.§§§§# ##....
#.§uu§## ###.....
#.§§@3§# ###.......
#.§§§§§#####.........
#.§§§§§.##..........#
#................####
#..............###
#............### #
#............# ##
#............#######.
.....................


You could see 2 ugly things and a friendly sun demon (summoned).

Vanquished Creatures
  An orc warlord (Orc:2)
  Nessos (D:12)
  A fire dragon (D:15)
  3 hydras
  2 ice dragons (Lair:5)
  A sphinx zombie (D:15)
  Erolcha (D:11)
  2 centaur warriors
  Erica (D:8)
  A sphinx skeleton (D:15)
  5 two-headed ogres
  5 boulder beetles
  4 death yaks (Lair:5)
  A vampire mage (D:15)
  3 orc high priests (Orc:2)
  A skyshark (Lair:3)
  A skeletal warrior (D:15)
  A storm dragon skeleton (D:15)
  A swamp dragon (Lair:5)
  A necromancer (D:15)
  2 deep elf pyromancers
  2 lindwurms (Lair:5)
  8 orc sorcerers
  9 orc knights
  6 ugly things
  5 cyclopes
  7 black mambas
  15 elephants
  A meliai (D:8)
  2 kobold blastminers
  5 torpor snails (Lair:5)
  12 cane toads
  2 gargoyles
  2 unseen horrors (D:12)
  An efreet (D:15)
  Maggie (D:6)
  5 rime drakes
  A yaktaur (shapeshifter) (D:13)
  Jeremiah (D:6)
  7 komodo dragons
  Grinder (D:3)
  3 tyrant leeches (Lair:5)
  5 polar bears
  8 hornets
  5 trolls
  12 blink frogs
  7 dream sheep (Lair:4)
  6 slime creatures
  Sigmund (D:5)
  A shadow (D:9)
  8 wyverns
  A wraith (D:12)
  4 basilisks
  54 yaks
  2 wargs
  11 humans
  A steam dragon (Lair:5)
  7 vampire mosquitoes
  Menkaure (D:5)
  Edmund (D:6)
  2 acid dragons
  2 swamp drakes (Lair:5)
  15 water moccasins
  2 ice beasts
  2 sky beasts (D:7)
  13 orc warriors
  3 ogres
  5 black bears
  4 boggarts (Lair:4)
  2 phantoms
  9 wolves
  8 centaurs
  8 kobold brigands
  9 bullfrogs
  A gnoll sergeant (D:8)
  3 scorpions
  6 wights
  5 killer bees (D:8)
  3 electric eels (Lair:3)
  5 howler monkeys
  2 bombardier beetles
  4 crimson imps (D:10)
  4 jellies
  A hound (D:5)
  Ijyb (D:3)
  17 orc priests
  A sleepcap (D:6)
  Terence (D:3)
  2 gnoll boudas (D:7)
  8 iguanas
  27 orc wizards
  11 gnolls
  18 adders
  3 river rats (Sewer)
  2 shadow imps
  3 white imps
  An ufetubus (D:7)
  7 ribbon worms
  66 orcs
  7 endoplasms
  3 giant cockroaches
  8 goblins
  5 hobgoblins
  4 jackals (D:1)
  19 kobolds
  7 quokkas
  14 ball pythons
  7 bats
  2 frilled lizards (D:1)
  9 rats
641 creatures vanquished.

Vanquished Creatures (collateral kills)
  A two-headed ogre (D:7)
  An ugly thing (D:7)
  An orc knight (Orc:2)
  An orc sorcerer (Orc:2)
  A kobold blastminer (Orc:2)
  An elephant (Lair:4)
  2 cane toads
  A komodo dragon (Lair:2)
  4 yaks (Lair:1)
  A basilisk (Lair:1)
  2 water moccasins (Lair:1)
  An orc warrior (D:7)
  2 wolves
  A centaur (D:15)
  2 phantoms (D:6)
  3 wights (D:7)
  An electric eel (Lair:3)
  4 orc priests
  4 orc wizards
  An ufetubus (D:7)
  A ribbon worm (D:5)
  2 orcs
  An endoplasm (D:3)
39 creatures vanquished.

Grand Total: 680 creatures vanquished

Notes
Turn   | Place    | Note
-------+----------+-------------------------------------------
     0 | D:1      | DemonSlayer the Demonspawn Earth Elementalist began the
                  | quest for the Orb.
     0 | D:1      | Reached XP level 1. HP: 13/13 MP: 3/3
   211 | D:1      | Gained mutation: When seriously injured, your blood forms
                  | armour. (AC +6) [demonic ancestry]
   211 | D:1      | Reached XP level 2. HP: 17/19 MP: 0/5
  1055 | D:2      | Gained mutation: You sometimes gain a little power by
                  | taking damage. [demonic ancestry]
  1055 | D:2      | Reached XP level 3. HP: 24/24 MP: 4/6
  1273 | D:2      | Learned a level 3 spell: Stone Arrow
  1439 | D:2      | Reached skill level 3 in Spellcasting
  1690 | D:2      | Reached XP level 4. HP: 29/30 MP: 8/8
  1801 | D:2      | Found Uvvink's Magic Scroll Shop.
  1822 | D:2      | Bought a scroll of fear for 44 gold pieces
  1822 | D:2      | Bought a scroll of teleportation for 33 gold pieces
  1822 | D:2      | Bought a scroll of identify for 22 gold pieces
  1822 | D:2      | Bought a scroll of identify for 22 gold pieces
  1970 | D:2      | Learned a level 3 spell: Passwall
  2002 | D:3      | Noticed Terence
  2027 | D:3      | Noticed Grinder
  2045 | D:3      | Killed Grinder
  2046 | D:3      | Reached skill level 4 in Spellcasting
  2046 | D:3      | Reached XP level 5. HP: 20/35 MP: 11/11
  2046 | D:3      | Gained mutation: A weak demonic guardian rushes to your
                  | aid. [demonic ancestry]
  2046 | D:3      | Reached XP level 6. HP: 24/41 MP: 12/12
  2052 | D:3      | Killed Terence
  2258 | D:3      | Found an iron altar of Okawaru.
  2318 | D:3      | Noticed Ijyb
  2342 | D:3      | Killed Ijyb
  3569 | D:3      | Learned a level 2 spell: Blink
  3574 | D:3      | Learned a level 4 spell: Brom's Barrelling Boulder
  3698 | D:2      | Bought a scroll of fog for 44 gold pieces
  3698 | D:2      | Bought a scroll of identify for 22 gold pieces
  3754 | D:4      | Noticed an ice beast
  3762 | D:4      | Killed an ice beast
  3763 | D:4      | Reached XP level 7. HP: 47/47 MP: 10/14
  3852 | D:4      | Reached skill level 1 in Fighting
  3852 | D:4      | Reached skill level 5 in Spellcasting
  3852 | D:4      | Reached skill level 5 in Earth Magic
  4146 | D:4      | Found a staircase to the Ecumenical Temple.
  4203 | Temple   | Entered the Ecumenical Temple
  4211 | Temple   | Became a worshipper of Dithmenos the Shadowed
  4330 | D:4      | Reached skill level 1 in Short Blades
  4368 | D:4      | Found a hazy altar of Hepliaklqana.
  4538 | D:4      | Found an opulent altar of Gozag.
  4766 | D:4      | Found a hide-covered altar of Uskayaw.
  4858 | D:5      | Entered Level 5 of the Dungeon
  4938 | D:5      | Noticed Sigmund
  4955 | D:5      | Killed Sigmund
  4956 | D:5      | Gained mutation: A demonic guardian rushes to your aid.
                  | [demonic ancestry]
  4956 | D:5      | Reached XP level 8. HP: 31/54 MP: 13/16
  4992 | D:5      | Found a glowing drain.
  5005 | Sewer    | Entered a sewer
  5840 | Sewer    | Reached * piety under Dithmenos
  6129 | Sewer    | Learned a level 4 spell: Petrify
  6172 | D:5      | Reached skill level 6 in Spellcasting
  6525 | D:5      | Noticed Menkaure
  6533 | D:5      | Killed Menkaure
  6825 | D:5      | Reached ** piety under Dithmenos
  7181 | D:6      | Gained mutation: A powerful demonic guardian rushes to your
                  | aid. [demonic ancestry]
  7181 | D:6      | Reached XP level 9. HP: 60/62 MP: 12/18
  7364 | D:6      | Noticed Maggie
  7373 | D:6      | Killed Maggie
  7840 | D:6      | Reached skill level 5 in Conjurations
  7866 | D:6      | Noticed Jeremiah
  7896 | D:6      | Killed Jeremiah
  8212 | D:6      | Noticed Edmund
  8219 | D:6      | Killed Edmund
  8220 | D:6      | Reached skill level 7 in Spellcasting
  8366 | D:6      | Reached skill level 1 in Armour
  8731 | D:6      | Found a burning altar of Makhleb.
  9417 | D:7      | Got Feas's Papyrus of the Aerial Pyromaniac
  9568 | D:7      | Noticed a deep elf pyromancer
  9574 | D:7      | Killed a deep elf pyromancer
  9575 | D:7      | Gained mutation: You have sharp fingernails. [demonic
                  | ancestry]
  9575 | D:7      | Reached XP level 10. HP: 46/69 MP: 21/21
  9591 | D:7      | Noticed a gargoyle
  9595 | D:7      | Killed a gargoyle
  9605 | D:7      | Reached skill level 8 in Spellcasting
 10263 | D:7      | Reached *** piety under Dithmenos
 10409 | D:7      | Noticed a two-headed ogre
 10416 | D:7      | Killed a two-headed ogre
 10600 | D:7      | Noticed a white ugly thing
 10600 | D:7      | Noticed a purple ugly thing
 10656 | D:7      | Killed a white ugly thing
 10662 | D:7      | Killed a white ugly thing
 10663 | D:7      | Reached skill level 9 in Spellcasting
 10925 | D:7      | Noticed a cyclops
 10929 | D:7      | Killed a cyclops
 10930 | D:7      | Gained mutation: You have very sharp fingernails. [demonic
                  | ancestry]
 10930 | D:7      | Reached XP level 11. HP: 75/75 MP: 23/24
 11189 | D:7      | Noticed a boulder beetle
 11190 | D:7      | Noticed a two-headed ogre
 11199 | D:7      | Killed a two-headed ogre
 11213 | D:7      | Killed a boulder beetle
 11321 | D:8      | Noticed Erica
 11324 | D:8      | Killed Erica
 11407 | D:8      | Noticed a two-headed ogre
 11412 | D:8      | Killed a two-headed ogre
 11499 | D:8      | Noticed a five-headed hydra
 11728 | D:8      | Killed a five-headed hydra
 11911 | D:8      | Noticed Psyche
 11914 | D:8      | Psyche changed into Psyche the meliai
 11914 | D:8      | Noticed Psyche
 11926 | D:8      | Killed Psyche the meliai
 11926 | D:8      | Reached **** piety under Dithmenos
 12355 | D:8      | Found Curory's Antique Armour Boutique.
 12363 | D:8      | Bought a pair of embroidered gloves for 217 gold pieces
 12643 | D:8      | Found Tuigg's Antique Weapon Shoppe.
 12765 | D:8      | Found Kaxulakh's Distillery.
 12786 | D:8      | Bought a potion of heal wounds for 75 gold pieces
 12786 | D:8      | Bought a potion of curing for 45 gold pieces
 12798 | D:8      | Found a stormy altar of Qazlal.
 12809 | D:8      | Found Ostiz's Jewellery Boutique.
 12810 | D:8      | Found Xonauc's Book Shop.
 12821 | D:8      | Found a shimmering blue altar of Sif Muna.
 13355 | D:9      | Reached skill level 1 in Evocations
 13421 | D:9      | Reached skill level 1 in Unarmed Combat
 14011 | D:9      | Found a bloodstained altar of Trog.
 14198 | D:10     | Entered Level 10 of the Dungeon
 14204 | D:10     | Found a shimmering altar of Xom.
 14328 | D:10     | Found a staircase to the Lair.
 14472 | D:10     | Found a staircase to the Orcish Mines.
 14472 | D:10     | Noticed an orc knight
 14474 | D:10     | Found Wamivynk's Weapon Shop.
 14489 | D:10     | Killed an orc knight
 14490 | D:10     | Reached skill level 10 in Spellcasting
 14748 | D:10     | Found a runed translucent gate.
 14750 | D:10     | Found a runed translucent gate.
 14751 | D:10     | Found a runed translucent gate.
 14753 | D:10     | Noticed Shen's ghost (journeyman OpDe)
 15487 | Lair:1   | Entered Level 1 of the Lair of Beasts
 15677 | Lair:1   | Noticed a boulder beetle
 15883 | Lair:1   | Reached XP level 12. HP: 78/81 MP: 26/26
 16171 | Lair:1   | Reached skill level 10 in Earth Magic
 16175 | Lair:1   | Reached ***** piety under Dithmenos
 16475 | Lair:1   | Killed a boulder beetle
 16823 | Lair:1   | Reached skill level 5 in Armour
 17986 | Lair:2   | Found the +8 trishula "Condemnation" {holy, anguish, *Noise
                  | Fly rN+}
 18002 | Lair:2   | You fall into a shaft and drop 2 floors!
 18281 | Lair:1   | Reached skill level 11 in Spellcasting
 19444 | Lair:2   | Found a hole to the Spider Nest.
 19824 | Lair:3   | Reached skill level 10 in Conjurations
 19918 | Lair:3   | Noticed a six-headed hydra
 20102 | Lair:3   | Killed a six-headed hydra
 20418 | Lair:3   | Gained mutation: You have claws for hands. [demonic
                  | ancestry]
 20418 | Lair:3   | Reached XP level 13. HP: 88/88 MP: 25/28
 20630 | Lair:3   | Found a staircase to the Swamp.
 21789 | Lair:3   | HP: 1/88 [wolf (9)]
 23502 | Lair:4   | Reached skill level 5 in Dodging
 23502 | Lair:4   | Reached skill level 12 in Spellcasting
 24514 | D:2      | Bought a scroll of acquirement for 572 gold pieces
 24514 | D:2      | Acquired 1051 gold pieces
 24728 | D:8      | Bought the amulet "Saanab" {Regen+ Slay+4} for 591 gold
                  | pieces
 24771 | D:8      | Bought a potion of invisibility for 120 gold pieces
 24916 | D:2      | Bought a scroll of enchant armour for 82 gold pieces
 25107 | Orc:1    | Entered Level 1 of the Orcish Mines
 25121 | Orc:1    | You fall into a shaft and drop 1 floor!
 25121 | Orc:2    | Entered Level 2 of the Orcish Mines
 25387 | Orc:1    | Found Zuuqya's Book Emporium.
 25405 | Orc:1    | Found a radiant altar of Vehumet.
 26081 | Orc:1    | Upgraded the game from 0.31.0-4-g52a2dc7128 to
                  | 0.31.0-7-gf635a9b802
 26266 | Lair:5   | Entered Level 5 of the Lair of Beasts
 26417 | Lair:5   | Gained mutation: Your hexes are more powerful. [demonic
                  | ancestry]
 26417 | Lair:5   | Reached XP level 14. HP: 96/96 MP: 30/30
 26553 | Lair:5   | Found a staircase to the Slime Pits.
 26716 | Lair:5   | Noticed SuperJoe's ghost (journeyman VSNe)
 26977 | Lair:5   | Found a runed translucent gate.
 26977 | Lair:5   | Found a runed translucent gate.
 26977 | Lair:5   | Found a runed translucent gate.
 27381 | Lair:5   | Reached skill level 5 in Stealth
 27388 | Lair:5   | Reached ****** piety under Dithmenos
 28389 | Lair:5   | Reached skill level 13 in Spellcasting
 28558 | Lair:5   | Reached skill level 5 in Fighting
 29542 | Orc:2    | Found a staircase to the Elven Halls.
 29553 | Orc:2    | Noticed an orc warlord
 29835 | Orc:2    | Killed an orc warlord
 30134 | Orc:2    | Found Unovoq's Assorted Antiques.
 30213 | Orc:2    | Paralysed by an orc sorcerer for 5 turns
 30222 | Orc:2    | Paralysed by an orc sorcerer for 3 turns
 30413 | Orc:2    | Found Heshriar's Jewellery Boutique.
 30414 | Orc:2    | Found Guqut's Magic Scroll Emporium.
 30414 | Orc:2    | Found Eruxt's Jewellery Emporium.
 30424 | Orc:2    | Bought 2 scrolls of enchant armour for 255 gold pieces
 30432 | Orc:2    | Bought a granite talisman for 780 gold pieces
 30709 | D:11     | Reached XP level 15. HP: 103/103 MP: 23/32
 30942 | D:11     | Noticed Erolcha
 30947 | D:11     | Killed Erolcha
 30988 | D:11     | Found Raucupo's Magic Scroll Shoppe.
 31128 | D:11     | Bought a scroll of teleportation for 30 gold pieces
 31128 | D:11     | Bought a scroll of teleportation for 30 gold pieces
 31498 | D:12     | Found a runed translucent door.
 31508 | D:12     | Found a runed translucent door.
 31544 | D:12     | Found a runed translucent door.
 31559 | D:12     | Found a runed translucent door.
 31926 | D:12     | Noticed Nessos
 31942 | D:12     | Killed Nessos
 32307 | D:13     | Noticed Lodul
 32307 | D:13     | Found a gate to the Vaults.
 33075 | D:13     | Reached skill level 14 in Spellcasting
 33481 | D:13     | You fall into a shaft and drop 2 floors!
 33481 | D:15     | Entered Level 15 of the Dungeon
 33585 | D:15     | Found a shimmering blue altar of Sif Muna.
 33739 | D:15     | Found a portal to a secret trove of treasure.
 33952 | D:15     | Found a staircase to the Depths.
 34571 | D:15     | HP: 4/103 [red ugly thing (12)]
 34571 | D:15     | Demolished by a red ugly thing

Illustrated notes

Levels and vault maps discovered:
D:1:      erik_arrival_orb_chamber, layout_basic
D:2:      layout_rooms, serial_shops, shop, nicolae_half_adder
D:3:      layout_loops_corners, okawaru_metal_pillars_1_2, uniq_grinder,
          uniq_ijyb, uniq_terence
D:4:      layout_cave_pools, nicolae_hepliaklqana_hippocampus,
          lemuel_round_altar, grunt_gozag_statues, minmay_temple_entry_ruins
D:5:      layout_loops_ring, cheibrodos_sewer_entry_sluice, uniq_menkaure,
          uniq_sigmund
D:6:      layout_loops_corners, bloody_makhleb, old_standard_altar,
          kennysheep_small_square, uniq_edmund, uniq_maggie, uniq_jeremiah
D:7:      nzn_winding_woodlands_large [nzn_winding_woodlands_5x5_checkerboard,
          nzn_winding_woodlands_5x15_sawtooth,
          nzn_winding_woodlands_5x5_open_star,
          nzn_winding_woodlands_center_triple_pond,
          nzn_winding_woodlands_15x15_killbox,
          nzn_winding_woodlands_center_pierced_h,
          nzn_winding_woodlands_hourglass, nzn_winding_woodlands_5x15_zeroes,
          nzn_winding_woodlands_5x5_default], layout_gridville, zin_statuary
D:8:      layout_gridville, nicolae_qazlal_eye_of_the_storm,
          grunt_temple_overflow_open, serial_shops, shop_fountains, shop,
          nicolae_shop_tiny_statue_garden, shop, nicolae_shop_tiny_waterfront,
          minmay_stone_trees_small, grunt_potential, uniq_erica, uniq_psyche
D:9:      layout_basic, trog_book
D:10:     layout_loops_ring, led_xom_imps, lair_entry_dummy, orc_david_3,
          serial_glass, glass_columns_b, glass_columns_b, glass_columns_b,
          glass_columns_b, gammafunk_ghost_spectres
D:11:     layout_roguey, serial_shops, shop_statue,
          nicolae_kite_square_tiling_tiny, uniq_erolcha
D:12:     layout_long_grid, minmay_statue_crystal_thing, uniq_nessos
D:13:     layout_gridville, david_vaults_3, evilmike_minifort
D:15:     gammafunk_depths_entry_grave, layout_cave_pods,
          hangedman_decor_growths, nicolae_trove_entry_crossroad, minivault_19,
          nicolae_sif_muna_condensation
Temple:   eino_temple_lava
Lair:1:   layout_small_grid, grunt_megastairs_1
Lair:2:   layout_cave_pods, dummy_spider_entry, columned_hall_lemuel
Lair:3:   layout_cellular_growth, minmay_swamp_entry_swarm, serial_bayou,
          serial_bayou_crossing, serial_bayou_pond_c, serial_bayou_shore_a,
          serial_bayou_lake_a, serial_bayou_ford_a, serial_bayou_pond_b,
          beast_lair_carwin_5
Lair:4:   layout_layer_cave, kilobyte_rumbling_trees, infiniplex_staircase_pool,
          serial_bayou_shore_b, grunt_megastairs_4, serial_bayou_shore_b
Lair:5:   guppyfry_lair_end_dragon, layout_loops_ring, wormcave,
          minmay_slime_entry_pillars, maelrawn_ghost_gauntlet_escape,
          lemuel_fruit_fields, infiniplex_staircase_pool_2, lemuel_fruit_fields
Orc:1:    layout_diamond_mine, serial_shops, shop_statue, basic_altar
Orc:2:    st_orc_elflike, layout_diamond_mine

Skill      XL: |  1  2  3  4  5  6  7  8  9 10 11 12 13 14 15 |
---------------+----------------------------------------------+-----
Earth Magic    | 3 4 5 6 7 8 9 11 12 13 | 13.5
Dodging        | 2 3 4 5 6 |  6.3
Stealth        | 2 3 4 5 |  5.2
Spellcasting   | 3 4 5 6 7 9 10 11 12 13 14 | 14.4
Fighting       | 1 2 3 4 5 |  5.3
Conjurations   | 2 4 6 7 8 10 11 13 | 13.8
Short Blades   | 1 2 3 |  3.4
Armour         | 2 3 4 6 7 |  7.4
Evocations     | 1 |  1.6
Unarmed Combat | 1 |  1.0
Throwing       | |  0.7
Alchemy        | |  0.5

Action                     |  1- 3 |  4- 6 |  7- 9 | 10-12 | 13-15 || total
---------------------------+-------+-------+-------+-------+-------++-------
  Melee: Unarmed           |     5 |     9 |       |     4 |       ||    18
         Dagger            |    14 |    55 |    89 |     1 |       ||   159
         Punch             |       |       |     1 |       |       ||     1
         Short sword       |       |       |       |    37 |    68 ||   105
  Throw: Dart              |       |       |     2 |     1 |     3 ||     6
         Throwing net      |       |       |       |       |     1 ||     1
   Cast: Sandblast         |    55 |    20 |       |       |       ||    75
         Stone Arrow       |       |    26 |   183 |   362 |   719 ||  1290
         Petrify           |       |       |       |       |     1 ||     1
  Evoke: Wand              |       |       |       |    17 |     5 ||    22
    Use: Potion            |     1 |     1 |     1 |       |    12 ||    15
         Scroll            |       |     4 |     2 |    20 |    16 ||    42
   Stab: Sleeping          |     1 |     4 |     5 |     1 |     3 ||    14
         Distracted        |       |       |       |     1 |     1 ||     2
         Paralysed         |       |       |       |     2 |       ||     2
 Armour: Robe              |    23 |    49 |    72 |       |       ||   144
         Skin              |       |     1 |       |     3 |       ||     4
         Swamp dragon scal |       |       |    38 |   241 |   311 ||   590
         Troll leather arm |       |       |       |       |   130 ||   130
  Dodge: Dodged            |    31 |    62 |   120 |   167 |   323 ||   703
